 Dungeon Crawl Stone Soup version 0.25-a0-635-g0c6c292ef3 (webtiles) character file.

Game seed: 13796072373928036040, levelgen mode: deterministic

7065 ipx the Cleaver (level 11, 0/64 HPs)
             Began as a Gargoyle Arcane Marksman on Mar 20, 2020.
             Was an Elder of Makhleb.
             Killed by divine providence
             ... invoked by an orc priest
              (13 damage)
             ... on level 11 of the Dungeon.
             The game lasted 01:01:43 (4238 turns).

ipx the Cleaver (Gargoyle Arcane Marksman)          Turns: 4238, Time: 01:01:43

Health: 0/64       AC: 22    Str: 17    XL:     11   Next: 9%
Magic:  14/14      EV:  8    Int: 18    God:    Makhleb [****..]
Gold:   408        SH:  0    Dex: 13    Spells: 11/14 levels left

rFire    . . .     SeeInvis .   a - +2 hand axe (venom)
rCold    . . .     Gourm    .   (no shield)
rNeg     + . .     Faith    +   d - +0 chain mail
rPois    ∞         Spirit   .   (no helmet)
rElec    +         Reflect  .   (no cloak)
rCorr    .         Harm     .   H - +3 pair of gloves "Befowiar" {Int+4 Dex+3}
MR       .....                  (no boots)
Stlth    ..........             J - amulet of faith
HPRegen  0.20/turn              p - ring of poison resistance
MPRegen  0.14/turn              (no ring)

@: lightly drained
A: negative energy resistance 1, electricity resistance, unbreathing,
petrification resistance, rot immunity, AC +8
a: Minor Destruction, Lesser Servant of Makhleb, Major Destruction, Renounce
Religion


You were on level 11 of the Dungeon.
You worshipped Makhleb.
Makhleb was greatly pleased with you.
You were not hungry.

You visited 2 branches of the dungeon, and saw 12 of its levels.
You also visited: Ossuary and Bailey.

You collected 408 gold pieces.

Inventory:

Hand Weapons
 a - a +2 hand axe of venom (weapon)
 b - a +4 war axe
 h - a +2 flail of holy wrath
 q - a +2 dagger of electrocution
Missiles
 c - 9 poisoned darts
 m - 12 javelins (quivered)
Armour
 d - a +0 chain mail (worn)
 i - a +1 scale mail
 t - a cursed +0 tower shield
 y - the +1 pair of gloves of Ycwin {*Drain rElec Int+3}
   (You found it in a bailey)

   It affects your intelligence (+3).
   It insulates you from electricity.
   It causes draining when unequipped.
 H - the +3 pair of gloves "Befowiar" (worn) {Int+4 Dex+3}
   (You found it on level 11 of the Dungeon)

   It affects your intelligence (+4).
   It affects your dexterity (+3).
Jewellery
 p - a ring of poison resistance (left hand)
 J - an amulet of faith (around neck)
Wands
 u - a wand of digging (5)
 w - a wand of acid (11)
 D - a wand of paralysis (14)
 E - a wand of enslavement (7)
Scrolls
 j - a scroll of teleportation
 x - 2 scrolls of enchant weapon
 z - 7 scrolls of remove curse
 A - 4 scrolls of fog
 B - a scroll of torment
 C - a scroll of amnesia {unknown}
 F - a scroll of enchant armour
 G - a scroll of noise {unknown}
 K - a scroll of magic mapping {unknown}
Potions
 e - a potion of brilliance
 g - a potion of ambrosia
 k - a potion of resistance {unknown}
 l - 2 potions of stabbing
 n - 7 potions of curing {unknown}
 o - 2 potions of invisibility
 r - 3 potions of berserk rage
 s - 3 potions of haste
 I - a potion of cancellation {unknown}
Miscellaneous
 v - a phantom mirror
Comestibles
 f - 12 rations


   Skills:
 - Level 6.0(5.5) Fighting
 + Level 11.0(10.4) Axes
 - Level 2.2(1.7) Throwing
 - Level 7.1(6.5) Armour
 - Level 3.1(2.6) Dodging
 - Level 2.1(1.6) Spellcasting
 - Level 3.0(2.5) Hexes
 + Level 2.9(2.4) Invocations
 + Level 4.7(4.3) Evocations


You had 11 spell levels left.
You knew the following spells:

 Your Spells              Type           Power        Failure   Level  Hunger
c - Corona                Hex            ##.....      63%         1    ##.....
s - Slow                  Hex            ##......     77%         2    ###....

Your spell library contained the following spells:

 Spells                   Type           Power        Failure   Level  Hunger
 Inner Flame              Hex/Fire       #.......     99%         3    ####...
 Portal Projectile        Hex/Tloc       #.....       99%         3    ####...
 Cause Fear               Hex            ##........   100%        4    #####..
 Leda's Liquefaction      Hex/Erth       #.........   100%        4    #####..


Dungeon Overview and Level Annotations

Branches:
Dungeon (11/15)            Temple (1/1) D:5         Ossuary (visited)
 Bailey (visited)
   Lair: D:8-11         Orc: D:9-12

Altars:
Ashenzari
Dithmenos
Gozag
Hepliaklqana
Makhleb
Sif Muna
Xom

Shops:
D:8 %

Portals:
Ice
Cave: D:11

Annotations:
D:10 Erolcha, Maurice
D:11 exclusion: upstairs


Innate Abilities, Weirdness & Mutations

You are resistant to torment.
Your stone body is resilient. (AC +8)
You are immune to poison.
You resist negative energy. (rN+)
You are resistant to electric shocks. (rElec)
You can survive without breathing.
You are immune to petrification.
You are immune to rotting.


Message History

The javelin closely misses the orc priest.
You hear a shout!
An orc priest comes into view.
You hear an angry growl.
Throwing (i - inventory. (/) - cycle)
m - 13 javelins (quivered)
Press: ? - help, Shift-Dir - straight line, f - orc priest, p - orc priest
Aim: an orc priest You throw a javelin.
The javelin barely misses the orc priest.
The javelin closely misses the orc priest.
The javelin pierces through the orc priest.
The orc priest is lightly wounded.
You hear a howl!
You hear a shout!
The orc priest calls down the wrath of Beogh upon you.
Beogh smites you!
* * * LOW HITPOINT WARNING * * *
The orc priest looks satisfied for a moment.
The orc priest mumbles some strange prayers to Beogh against you.
Beogh smites you!
You die...

###############
######....[...†....#
#####...##.###########.#
#.+......#.####### .#
..#..............# .#
#.'......#.#####@# ..
#####...##.# #.# .h
#........# #.# ..h
####.##### #.#


ooo #.# #.o #.# #... ######.# #.o.o .......# #.#o.. ######## #.##... You could
see an orc warrior and 2 orc priests.

Vanquished Creatures
  Joseph (D:10)
  2 ice devils (D:11)
  A hippogriff (D:7)
  5 yaks (D:9)
  A wraith (D:11)
  A human (D:9)
  4 hogs (D:9)
  11 orc warriors
  An ice beast (D:8)
  A black bear (D:9)
  A wolf (D:11)
  4 ogres
  7 centaurs
  4 big kobolds
  A crocodile (D:8)
  6 bullfrogs
  4 water moccasin zombies (Ossuary)
  3 scorpions
  3 howler monkeys (D:8)
  3 crimson imps
  2 centaur skeletons
  3 hounds
  A jelly (D:8)
  An orc priest (D:9)
  10 orc wizards
  3 iguanas
  3 worker ants
  A killer bee zombie (D:7)
  3 big kobold zombies (Ossuary)
  A hound skeleton (D:5)
  3 mummies
  A worker ant zombie (D:8)
  5 adders
  6 shadow imps
  An ooze (D:5)
  2 adder skeletons
  6 adder zombies (Ossuary)
  A worm (D:3)
  2 dart slugs
  2 leopard geckos (D:4)
  40 orcs
  4 giant cockroaches (D:4)
  2 gnoll zombies (Ossuary)
  2 goblins (D:2)
  3 hobgoblins
  3 jackals (D:4)
  3 bats
  2 frilled lizards
  7 hobgoblin zombies
  16 kobolds
  6 kobold zombies
  A leopard gecko skeleton (D:4)
  9 orc zombies (Ossuary)
  A quokka skeleton (D:4)
  4 rats
224 creatures vanquished.

Notes
Turn   | Place    | Note
-------+----------+-------------------------------------------
     0 | D:1      | ipx the Gargoyle Arcane Marksman began the quest for the
                  | Orb.
     0 | D:1      | Reached XP level 1. HP: 12/12 MP: 2/2
   351 | D:2      | Reached XP level 2. HP: 13/16 MP: 0/3
   355 | D:2      | Learned a level 2 spell: Slow
   736 | D:4      | Reached skill level 1 in Axes
   736 | D:4      | Reached XP level 3. HP: 10/21 MP: 5/5
   742 | D:4      | Reached XP level 4. HP: 13/26 MP: 6/6
   759 | D:4      | Found a shadowy altar of Dithmenos.
   839 | D:4      | Reached skill level 1 in Evocations
   876 | D:4      | Reached skill level 2 in Axes
   883 | D:4      | Reached XP level 5. HP: 24/30 MP: 8/8
   947 | D:5      | Entered Level 5 of the Dungeon
   957 | D:5      | Found a sand-covered staircase.
   970 | Ossuary  | Entered an ossuary
  1065 | Ossuary  | Reached skill level 3 in Axes
  1112 | Ossuary  | Reached XP level 6. HP: 31/35 MP: 9/9
  1120 | Ossuary  | Reached skill level 4 in Axes
  1498 | Ossuary  | Reached skill level 5 in Axes
  1498 | Ossuary  | Reached XP level 7. HP: 35/40 MP: 10/10
  1781 | D:5      | Reached skill level 6 in Axes
  1794 | D:5      | Found a staircase to the Ecumenical Temple.
  1806 | Temple   | Entered the Ecumenical Temple
  1843 | Temple   | Became a worshipper of Makhleb the Destroyer
  2004 | D:5      | Reached XP level 8. HP: 29/46 MP: 11/11
  2066 | D:5      | Reached skill level 7 in Axes
  2066 | D:5      | Reached skill level 1 in Armour
  2121 | D:5      | Noticed a moth of wrath
  2272 | D:7      | Noticed a hippogriff
  2287 | D:7      | Killed a hippogriff
  2382 | D:7      | Found a flagged portal.
  2392 | Bailey   | Entered a bailey
  2431 | Bailey   | Reached * piety under Makhleb
  2520 | Bailey   | Reached skill level 8 in Axes
  2520 | Bailey   | Reached XP level 9. HP: 15/52 MP: 12/12
  2776 | Bailey   | Reached skill level 5 in Armour
  2852 | Bailey   | Reached ** piety under Makhleb
  2968 | Bailey   | Got a pair of jewelled gloves
  2974 | Bailey   | Identified the +1 pair of gloves of Ycwin {*Drain rElec
                  | Int+3} (You found it in a bailey)
  3177 | D:8      | Reached skill level 9 in Axes
  3214 | D:8      | Found Zefixzi's Food Shop.
  3279 | D:8      | Found a shattered altar of Ashenzari.
  3279 | D:8      | Noticed a gargoyle
  3302 | D:8      | Reached skill level 5 in Fighting
  3304 | D:8      | Reached XP level 10. HP: 47/59 MP: 13/13
  3337 | D:8      | Reached *** piety under Makhleb
  3417 | D:9      | Reached skill level 10 in Axes
  3673 | D:9      | Reached **** piety under Makhleb
  3737 | D:10     | Entered Level 10 of the Dungeon
  3737 | D:10     | Noticed Maurice
  3775 | D:9      | Found an opulent altar of Gozag.
  4000 | D:10     | Noticed Joseph
  4016 | D:10     | Killed Joseph
  4016 | D:10     | Reached skill level 1 in Invocations
  4068 | D:11     | Got a pair of polished gloves
  4079 | D:11     | Identified the +3 pair of gloves "Befowiar" {Int+4 Dex+3}
                  | (You found it on level 11 of the Dungeon)
  4128 | D:10     | Noticed Erolcha
  4145 | D:11     | Reached XP level 11. HP: 38/64 MP: 14/14
  4172 | D:11     | Reached skill level 11 in Axes
  4173 | D:11     | Found a frozen archway.
  4238 | D:11     | Killed from afar by an orc priest

Levels and vault maps discovered:
D:1:      tarquinn_simple_flora_water_f, layout_basic, minivault_4,
          minmay_misc_feat_encased
D:2:      layout_loops_ring, chequers_temple_overflow_minitemple
D:3:      layout_loops_corners, lemuel_round_altar
D:4:      layout_loops_ring, first_ration, grunt_dithmenos_shadows
D:5:      layout_basic, minmay_temple_entry_statues_fountains, enter_ossuary_1,
          tgw_trog
D:6:      layout_cave_pools, minmay_misc_feat_rugged, uniq_crazy_yiuf_cottage
D:7:      layout_basic, old_standard_altar, enter_bailey_2
D:8:      layout_rooms, nicolae_ashenzari_panopticon, serial_shops, shop,
          minmay_mini_ossuary
D:9:      layout_loops_ring, lemuel_doored_altar, grunt_livestock
D:10:     layout_roguey, uniq_joseph, uniq_erolcha, uniq_harold, uniq_maurice
D:11:     minmay_tile_spiral, layout_loops_ring, erik_lair_orcish_takeover,
          orc_0_dummy, serial_shops, nicolae_shop_waterfront,
          portal_ice_cave_demonic_guard, uniq_grum, uniq_erica, uniq_sonja
Temple:   oiseaux_autumnal_temple

Skill      XL: |  1  2  3  4  5  6  7  8  9 10 11 |
---------------+----------------------------------+-----
Hexes          | 3 |  3.0
Fighting       | 2 3 4 5 6 |  6.0
Axes           | 1 2 3 5 6 8 9 10 11 | 11.0
Spellcasting   | 2 |  2.1
Evocations     | 1 2 3 4 |  4.7
Armour         | 3 6 7 |  7.1
Throwing       | 2 |  2.2
Dodging        | 3 |  3.1
Invocations    | 1 2 |  2.9

Action                   |  1- 3 |  4- 6 |  7- 9 | 10-12 || total
-------------------------+-------+-------+-------+-------++-------
Melee: Hand axe          |    59 |   182 |   239 |   264 ||   744
       Unarmed           |     3 |       |       |       ||     3
       Flail             |       |       |     1 |     2 ||     3
       War axe           |       |       |       |     4 ||     4
Throw: Javelin           |     5 |    15 |    85 |    32 ||   137
       Throwing net      |     1 |     1 |     1 |       ||     3
       Dart              |       |       |    17 |       ||    17
 Cast: Corona            |    10 |       |       |       ||    10
Evoke: Wand              |       |     1 |    21 |     8 ||    30
  Use: Scroll            |     4 |     3 |     5 |     5 ||    17
       Potion            |       |     2 |       |       ||     2
 Stab: Sleeping          |     1 |       |       |       ||     1
       Held in net/web   |       |       |     1 |       ||     1
       Paralysed         |       |       |       |    11 ||    11
  Eat: Chunk             |       |     1 |     4 |       ||     5
       Ration            |       |     1 |     1 |     1 ||     3
Armor: Robe              |     4 |       |       |       ||     4
       Scale mail        |    30 |   113 |    38 |       ||   181
       Chain mail        |       |       |   136 |   137 ||   273
Dodge: Dodged            |    37 |    81 |   114 |    71 ||   303

Table legend:
 A = Non-vault XP
 B = Vault XP
 C = Vault XP percentage of total XP
 D = Non-vault monster count
 E = Vault monster count
 F = Vault count percentage of total count
                 A         B        C        D         E       F
            +---------+---------+-------+---------+---------+-------
      Total |    5385 |    4708 |  46.6 |     138 |      86 |  38.4
            +---------+---------+-------+---------+---------+-------
        D:1 |       9 |       0 |   0.0 |       5 |       0 |   0.0
        D:2 |      15 |       0 |   0.0 |       8 |       0 |   0.0
        D:3 |       7 |       0 |   0.0 |       2 |       0 |   0.0
        D:4 |     331 |      11 |   3.2 |      24 |       1 |   4.0
        D:5 |     658 |       0 |   0.0 |      17 |       0 |   0.0
        D:6 |      44 |       0 |   0.0 |       3 |       0 |   0.0
        D:7 |     319 |       0 |   0.0 |       3 |       0 |   0.0
        D:8 |    1003 |      22 |   2.1 |      24 |       5 |  17.2
        D:9 |    2230 |     951 |  29.9 |      39 |       5 |  11.4
       D:10 |     464 |     475 |  50.6 |      11 |       1 |   8.3
       D:11 |     305 |     843 |  73.4 |       2 |       3 |  60.0
    Ossuary |       0 |     474 | 100.0 |       0 |      35 | 100.0
     Bailey |       0 |    1932 | 100.0 |       0 |      36 | 100.0
            +---------+---------+-------+---------+---------+-------
